 Dungeon Crawl Stone Soup version 0.30-a0-743-gbfdf073431 (webtiles) character file.

Game seed: 9964186311507886910

145 browni3141 the Trooper (level 5, -5/42 HPs)
             Began as a Mummy Cinder Acolyte on Feb 6, 2023.
             Was a High Priest of Ignis.
             Slain by an iguana (10 damage)
             ... on level 4 of the Dungeon.
             The game lasted 00:03:56 (2358 turns).

browni3141 the Trooper (Mummy Cinder Acolyte)       Turns: 2358, Time: 00:03:57

Health: -5/42      AC: 12    Str: 19    XL:     5   Next: 6%
Magic:  7/7        EV: 10    Int: 14    God:    Ignis [*****.]
Gold:   92         SH:  0    Dex:  7    Spells: 6/6 levels left

rFire   . . .      SeeInvis .    a - +0 spear
rCold   + . .      Faith    +    (no shield)
rNeg    + + +      Spirit   .    d - +0 ring mail
rPois   ∞          Reflect  .    (no helmet)
rElec   .          Harm     .    (no cloak)
rCorr   .          Rampage  .    (no gloves)
Will    .....                    (no boots) Stlth
                                 (no amulet)
HPRegen 0.27/turn                (no ring)
MPRegen 0.10/turn                (no ring)

@: fiery-armoured
A: cold resistance 1, negative energy resistance 3, torment resistance 2, heat
vulnerability 1, in touch with death 1, no potions, faith
a: Renounce Religion, Fiery Armour, Foxfire Swarm, Rising Flame


You were on level 4 of the Dungeon.
You worshipped Ignis.
Ignis was extremely pleased with you.
You visited 1 branch of the dungeon, and saw 5 of its levels.

You collected 92 gold pieces.

Inventory:

Hand Weapons
 a - a +0 spear (weapon)
 b - a +2 sling of flaming
 e - a -1 hand axe of flaming
Missiles
 c - 22 stones (quivered)
 m - 5 poisoned darts
Armour
 d - a +0 ring mail (worn)
 f - a +0 robe
 n - a +0 cloak
Scrolls
 g - a scroll of fear {unknown}
 h - a scroll of identify {unknown}
 i - a scroll of poison {unknown}
 j - a scroll of immolation {unknown}
 k - a scroll of acquirement {unknown}
 l - a scroll of enchant armour {unknown}


   Skills:
 + Level 3.7 Fighting
 - Level 2.4(2.9) Axes
 * Level 2.2(2.8) Polearms
 * Level 2.0 Ranged Weapons
 - Level 1.0 Throwing
 - Level 1.3 Spellcasting
 - Level 2.4 Fire Magic


You had 6 spell levels left.
You didn't know any spells.
Your spell library contained the following spells:

 Spells                   Type           Power      Damage    Failure   Level
 Scorch                   Fire           14%        2d6       24%         2
 Sting                    Tmut/Pois      0%         1d3       41%         1
 Poisonous Vapours        Pois/Air       0%         N/A       54%         2
 Animate Armour           Summ/Erth      0%         N/A       99%         4
 Olgreb's Toxic Radiance  Pois           0%         N/A       99%         4
 Iron Shot                Conj/Erth      0%         9d1       100%        6
 Blade Hands              Tmut           Unusable   N/A       N/A         5

Dungeon Overview and Level Annotations

Branches:
Dungeon (5/15)
 Temple: D:4-7

Altars:
Dithmenos

Shops:
D:2 *

Portals:
Ossuary: D:4

Annotations:
D:2 1 runed translucent door, Crazy Yiuf


Innate Abilities, Weirdness & Mutations

You are immune to poison.
Your flesh is cold resistant. (rC+)
You are immune to negative energy. (rN+++)
You are immune to unholy pain and torment.
You are vulnerable to heat. (rF-)
You are in touch with the powers of death.
You do not drink.
You have a special connection with the divine. (Faith)


Message History

a - a +0 spear (weapon)
You barely miss the kobold. The necrophage barely misses you.
The kobold hits you with a +0 club.
An iguana comes into view.
You closely miss the kobold. The kobold barely misses you.
The necrophage hits you.
* * * LOW HITPOINT WARNING * * *
A protective cloak of flame settles atop you.
The necrophage hits you but does no damage.
The necrophage is burned by your cloak of flames.
The necrophage is lightly damaged.
The kobold closely misses you.
You closely miss the necrophage.
You punch the necrophage, but do no damage.
The necrophage is lightly damaged.
The necrophage completely misses you. The kobold barely misses you.
You hit the iguana.
The iguana is lightly wounded.
The iguana bites you but does no damage.
The iguana is burned by your cloak of flames.
The iguana is moderately wounded.
The kobold hits you but does no damage.
The kobold is burned by your cloak of flames.
The kobold is moderately wounded.
The necrophage hits you but does no damage.
The necrophage is burned by your cloak of flames.
The necrophage is moderately damaged.
You hit the iguana.
The iguana is severely wounded.
The necrophage barely misses you. The kobold hits you with a +0 club.
* * * LOW HITPOINT WARNING * * *
The iguana barely misses you.
You hit the iguana but do no damage.
The iguana is severely wounded.
The kobold hits you with a +0 club.
* * * LOW HITPOINT WARNING * * *
The kobold is burned by your cloak of flames.
You kill the kobold!
The iguana bites you!
You die...

#.....##........# ..
##.....>.......## ...
..#...............#
..............))).....#
...###+###.###'###....
.##..# ##...##[# . .
......###.....###
......)#nM.....#
#...l@###'###...#
#......##∩# ...#
..........### ...
....###....# .. ...
##..... .. ...... .
......# .#.....


You could see a necrophage, a mummy and an iguana.

Vanquished Creatures
  An orc wizard (D:4)
  5 adders (D:2)
  3 worms (D:2)
  A dart slug (D:1)
  4 orcs (D:4)
  9 bats
  6 endoplasms
  4 giant cockroaches
  4 hobgoblins
  5 kobolds
  3 quokkas
  6 ball pythons
  3 frilled lizards
  3 goblins
  A kobold zombie (D:4)
  3 rats
61 creatures vanquished.

Notes
Turn   | Place    | Note
-------+----------+-------------------------------------------
     0 | D:1      | browni3141 the Mummy Cinder Acolyte began the quest for the
                  | Orb.
     0 | D:1      | Reached XP level 1. HP: 18/18 MP: 2/2
   102 | D:1      | Reached XP level 2. HP: 24/24 MP: 4/4
   347 | D:1      | Reached skill level 1 in Polearms
   365 | D:1      | Reached skill level 1 in Throwing
   490 | D:1      | Gained mutation: You are in touch with the powers of death.
                  | [Mummy growth]
   490 | D:1      | Reached XP level 3. HP: 28/29 MP: 5/5
   868 | D:2      | Found Qitu's General Store.
   896 | D:2      | Reached skill level 1 in Ranged Weapons
  1122 | D:2      | Reached XP level 4. HP: 35/35 MP: 6/6
  1126 | D:2      | Found a shadowy altar of Dithmenos.
  1199 | D:2      | Found a runed translucent door.
  1200 | D:2      | Noticed Crazy Yiuf
  2120 | D:3      | You fall into a shaft and drop 2 floors!
  2120 | D:5      | Entered Level 5 of the Dungeon
  2173 | D:4      | HP: 1/36 [orc wizard/puff of flame (4)]
  2175 | D:4      | Reached XP level 5. HP: 1/42 MP: 7/7
  2336 | D:4      | Found a sand-covered staircase.
  2358 | D:4      | Slain by an iguana

Illustrated notes

Levels and vault maps discovered:
D:1:      denvon_arrival_waterhouse, layout_loops_cross, serial_bayou_pond_e,
          minmay_misc_feat_roman
D:2:      minmay_razor_zed, layout_basic, serial_shops, nicolae_shop_waterfront,
          basic_altar, kennysheep_minor_cross, uniq_crazy_yiuf_cottage
D:3:      layout_loops_ring, nemelex_dance_club_becter, nicolae_half_adder
D:4:      layout_cave_pools, overflow_temple_1_default,
          minmay_temple_entry_proselytizer, nicolae_ossuary_entry_giza,
          nrook_loot_triangle
D:5:      layout_loops_ring, st_stairs_2, uniq_grinder

Skill      XL: |  1  2  3  4  5 |
---------------+----------------+-----
Polearms       | 1 2 |  2.2
Throwing       | 1 |  1.0
Ranged Weapons | 1 2 |  2.0
Fighting       | |  3.7
Axes           | |  2.4
Spellcasting   | |  1.3
Fire Magic     | |  2.4

Action                     |  1- 3 |  4- 6 || total
---------------------------+-------+-------++-------
  Melee: Spear             |   101 |   101 ||   202
         Punch             |     1 |     1 ||     2
   Fire: Sling             |    38 |    41 ||    79
  Throw: Stone             |     4 |       ||     4
 Invoke: Fiery Armour      |       |     2 ||     2
 Armour: Ring mail         |    33 |    60 ||    93
  Dodge: Dodged            |    53 |    69 ||   122

Table legend: (Time is in decaauts)
 A = Elapsed time spent in this place.
 B = Non-inter-level travel time spent in this place.
 C = Inter-level travel time spent in this place.
 D = Time resting spent in this place.
 E = Time spent auto-exploring this place.
 F = Levels seen in this place.
 G = Mean time per level.
                   A        B        C        D        E       F      G
               +--------+--------+--------+--------+--------+-----+--------+
         Total |   2379 |   2331 |     48 |    144 |   1664 |   5 |  475.8 |
       Dungeon |   2379 |   2331 |     48 |    144 |   1664 |   5 |  475.8 |
               +--------+--------+--------+--------+--------+-----+--------+

Top non-repeatable levels by time:
     D:2: 1297 daAuts
     D:1: 754 daAuts
     D:4: 228 daAuts
     D:3: 87 daAuts
     D:5: 11 daAuts
